[Event "Turkish Youth Teams U18 2024"]
[Site "Karaman"]
[Date "2024.04.22"]
[Round "4"]
[White "Tarhan, Adar"]
[Black "Atis, Hasan"]
[Result "1/2-1/2"]
[ECO "B46"]
[WhiteElo "2446"]
[BlackElo "2018"]
[Annotator "TA"]
[PlyCount "168"]
[EventDate "2024.04.21"]
[EventType "team-tourn"]
[EventCountry "TUR"]
[SourceTitle "playchess.com"]
[Source "ChessBase"]
[SourceQuality "1"]
[TimeControl "5400+30"]

1. e4 c5 2. Nf3 e6 3. d4 cxd4 4. Nxd4 Nc6 5. Nc3 Qc7 6. a3 a6 7. g4 {[%emt 0:06:30] B46: Sicilian: Taimanov: 5 Nc3 a6.} b5 8. Be3 Bb7 9. Nxc6 Bxc6 10. Qd4 Nf6 11. f3 $146 ({Predecessor:} 11. Be2 Bd6 12. f3 Be5 13. Qd2 d5 14. g5 dxe4 15. gxf6 exf3 16. fxg7 Bxg7 17. Rg1 {0-1 Hernandez,W (1543)-Oganian,M (2441) Titled Tuesday intern op1 3rd March   blitz 2020 (2)}) 11... h6 12. Rg1 d5 13. e5 Nd7 14. f4 Rc8 15. O-O-O Bb7 16. Kb1 Bxa3 17. bxa3 Qxc3 18. Qxc3 Rxc3 19. Rd3 Rc8 20. Bd4 Ke7 21. Rf3 Nc5 22. f5 Ne4 23. Kb2 Rhg8 24. Bd3 Rc7 25. Rf4 Ke8 26. a4 Bc6 27. Ka3 Rb7 28. a5 Bd7 29. Kb4 Rc7 30. Bb6 Rc6 31. Rd1 Nc3 32. Rdf1 Ne4 33. h3 (33. Rd1 $11) 33... Rh8 ({Better is} 33... h5 $15) 34. c4 $11 bxc4 35. Bxe4 dxe4 36. f6 g5 37. Rxe4 c3 38. Rc1 h5 39. Rxc3 Rxc3 40. Kxc3 hxg4 41. hxg4 Bc6 42. Rb4 Rh3+ 43. Kd2 Rh2+ 44. Ke3 Ra2 45. Bc5 Bb5 46. Bb6 Re2+ 47. Kd4 Kd7 48. Bc5 Bc6 49. Rb8 Re4+ 50. Kc3 $1 Rxe5 51. Bb6 Bf3 52. Rf8 Bxg4 53. Rxf7+ Ke8 $1 54. Re7+ Kf8 55. Rc7 Rf5 56. Bc5+ Kg8 57. Be7 Kf7 (57... Rxa5 $2 58. f7+ Kxf7 59. Bb4+ (59. Bxg5+ Kg6 $17) 59... Kg6 60. Bxa5 $18) 58. Kd3 Bh3 (58... Rxa5 $2 59. Bb4+ Kxf6 60. Bxa5 $18) 59. Rc8 (59. Bd8+ $11 {keeps the balance.} Kf8 60. Ke3) 59... Bf1+ (59... Rxa5 60. Rf8+ Kg6 61. Rg8+ Kf7 62. Rg7+ Ke8 63. Bb4 Bf1+ 64. Ke4 Bg2+ 65. Ke3 $11) ({Black should play} 59... e5 $17) 60. Ke3 $11 Bb5 61. Rf8+ Kg6 62. Rg8+ Kf7 63. Rg7+ Ke8 64. Ke4 Bc6+ 65. Kd4 Rd5+ 66. Kc4 Rf5 67. Rh7 Bb5+ (67... Rxa5 68. Bd6 Bd5+ 69. Kc3 $14) 68. Kb4 (68. Kd4 $11 {is more appropriate.}) 68... Bd3 69. Rh8+ Kf7 70. Rf8+ Kg6 71. Bd8 Be2 72. Kc3 Bb5 73. Be7 {[%emt 0:00:13] [#]} (73. Rg8+ $11 {remains equal.} Kh7 74. f7 Rf3+ (74... Rxf7 75. Rxg5 Kh6 76. Rg3 $11) 75. Kb4 Rxf7 76. Rxg5) 73... Bf1 (73... e5 $1 $17 74. Rg8+ Kf7 75. Rg7+ Ke6) 74. Kd4 Bb5 (74... Rxa5 75. Rg8+ Kf7 76. Rg7+ Ke8 77. Bc5 e5+ 78. Kd5 (78. Kxe5 $2 {is the wrong capture.} Rxc5+ 79. Kd6 Rb5 $19) 78... Bg2+ 79. Kd6 $11 (79. Kxe5 $2 {perishes.} Rxc5+ 80. Kd4 Rd5+ 81. Kc3 Rf5 $19)) 75. Rg8+ Kf7 76. Rg7+ Ke8 77. Ke3 Bf1 78. Ke4 Bb5 79. Rh7 Bc6+ 80. Kd4 Rd5+ 81. Kc4 Bb5+ 82. Kb4 Rf5 83. Rg7 Bf1 84. Rg8+ Kf7 1/2-1/2

[Event "Turkish Youth Teams U18 2024"]
[Site "Karaman"]
[Date "2024.04.22"]
[Round "4"]
[White "Taspinar, Yanki"]
[Black "Buyuk, Eymen Eren"]
[Result "1-0"]
[ECO "C06"]
[WhiteElo "2298"]
[BlackElo "1998"]
[Annotator "TA"]
[PlyCount "83"]
[EventDate "2024.04.21"]
[EventType "team-tourn"]
[EventCountry "TUR"]
[SourceTitle "playchess.com"]
[Source "ChessBase"]
[SourceQuality "1"]
[TimeControl "5400+30"]

1. e4 e6 2. d4 d5 3. Nd2 Nf6 4. e5 Nfd7 5. c3 c5 6. Bd3 Nc6 7. Ne2 cxd4 8. cxd4 f6 9. exf6 Nxf6 10. O-O Bd6 11. Nf3 Qc7 12. Bg5 O-O 13. Qc2 h6 14. Bh4 Nh5 15. Bh7+ (15. Bg6 {feels hotter.} Rxf3 16. gxf3 Bxh2+ 17. Kg2) 15... Kh8 16. Bg6 Rxf3 17. gxf3 {[%emt 0:07:30] The position is equal.} Bxh2+ 18. Kg2 $1 Nf4+ 19. Nxf4 $1 Qxf4 20. Bg3 {[%emt 0:00:30] The board is on fire.} (20. Rh1 Nxd4 21. Qa4 b5 $17 (21... Qxf3+ 22. Kxh2 Qf4+ 23. Kg2 $11)) 20... Bxg3 21. fxg3 Qxd4 (21... Qf6 $1 $11) 22. Be8 $1 $14 Nb4 23. Qb3 $36 {[%emt 0:13:30][%mdl 3072] White has compensation. White is pushing.} Nd3 24. Bb5 Nc5 (24... Nxb2 $11 {remains equal.} 25. Rac1 a6) 25. Qa3 Bd7 $1 26. Rad1 Qf6 27. Bxd7 Nxd7 28. Rf2 a6 29. Qd6 Rd8 30. Qc7 Ne5 31. Qxb7 {[%emt 0:02:45] White is more active.} Nc4 32. Qb3 {[%emt 0:01:32] Against Ne3+} (32. Qxa6 $2 {perishes.} Ne3+ (32... Nxb2 33. Re1 $18) 33. Kg1 Nxd1 $19) (32. Re2 $142 $1 Rf8 33. Qb3 (33. Qxa6 Qxf3+ 34. Kh3 Qh5+ 35. Kg2 Qxe2+ 36. Kh3 Qh5+ 37. Kg2 Ne3+ 38. Kg1 Qxd1+ 39. Kh2 Rf2+ 40. Kh3 Qh5#)) 32... Qe5 33. Rd3 {[%emt 0:01:36] Inhibits Ne3+.} h5 (33... Rc8 $16) 34. Qc3 $18 Qf5 35. Rd4 (35. Re2 $18) 35... e5 $16 36. Rh4 Rc8 $2 {[%emt 0:00:36] Loses the game.} (36... g6 $16 {was necessary.}) 37. g4 $18 Qf4 {[%emt 0:00:08] [#] And now ...Ne3+ would win.} 38. Rxh5+ Kg8 39. Re2 {[%emt 0:01:02] Prevents Ne3+. Hoping for Qd3.} g6 $2 (39... Rf8 40. Qd3 Rf7) 40. Rhxe5 d4 41. Qb3 {[%emt 0:00:55] [#] White wants to mate with Re8+.} Rc7 42. Re6 {[%emt 0:00:37] Weighted Error Value: White=0.13 (very precise) /Black=0.46.  Mistake:       	White=2     	Black=5      Inaccurate:     	White=2     	Black=4      OK:         	White=9     	Black=5      Best:        	White=4     	Black=4      Strong:       	White=3     	Black=1} (42. Qb8+ $142 Qf8 43. Re8 (43. Qxc7 Nxe5 44. Rxe5 d3 45. Re6 Qg7 46. Re8+ Qf8 47. Qc4+ Kg7 48. Rxf8 Kxf8) 43... Rf7 44. Rxf8+ Rxf8 45. Qb3 Kg7 46. Qxc4 Rf7 47. Re8 (47. Qxd4+ Kg8 48. Re8+ Rf8 49. Qd5+ Kh8 50. Rxf8+ Kg7 51. Rf7+ Kg8 52. Re7+ Kh8 53. Qd8#)) 1-0

[Event "Turkish Youth Teams U18 2024"]
[Site "Karaman"]
[Date "2024.04.22"]
[Round "4"]
[White "Oktem, Ege Tuna"]
[Black "Camci, Kayra"]
[Result "1-0"]
[ECO "B22"]
[WhiteElo "2076"]
[BlackElo "1770"]
[Annotator "TA"]
[PlyCount "119"]
[EventDate "2024.04.21"]
[EventType "team-tourn"]
[EventCountry "TUR"]
[SourceTitle "playchess.com"]
[Source "ChessBase"]
[SourceQuality "1"]
[TimeControl "5400+30"]

1. e4 c5 2. c3 Nf6 3. e5 Nd5 4. Nf3 Nc6 5. d4 cxd4 6. cxd4 d6 7. Bc4 Nb6 8. Bb3 dxe5 9. d5 Na5 10. Nc3 Nxb3 11. Qxb3 e6 12. Nxe5 Be7 13. Qb5+ Kf8 14. dxe6 Bxe6 {[%emt 0:00:00] The position is equal.} 15. Qe2 f6 {[%emt 0:00:00] [#]} 16. Ng6+ hxg6 17. Qxe6 Qd3 18. Qe2 Qxe2+ 19. Kxe2 Kf7 20. Be3 Nc4 21. Nd5 Rhd8 (21... Nxb2 22. Nxe7 Kxe7 23. Rab1 $18) 22. Nxe7 Nxe3 23. Nc6 Re8 24. fxe3 bxc6 $11 {[%emt 0:00:00][%mdl 4096] Endgame. KRR-KRR} 25. Rac1 Re6 26. Rhd1 Rae8 27. Rc3 f5 (27... Rb8 $14) 28. Kf3 (28. Rd7+ $16 Kf6 (28... R8e7 29. Rxe7+ Kxe7 30. Ra3 $16) 29. Rxa7) 28... g5 29. h3 Kf6 30. Rd4 c5 31. Ra4 R8e7 32. b3 Rc7 33. Rac4 Re5 34. b4 (34. Rd3 $14) 34... cxb4 35. Rxc7 bxc3 36. Rxc3 {[%emt 0:00:00] KR-KR} Ra5 37. a3 Ke5 38. g4 fxg4+ 39. Kxg4 Kf6 40. e4 Ra4 41. Rf3+ Kg6 42. Re3 Kf6 43. Kh5 g6+ 44. Kh6 Ra6 $2 {[%emt 0:00:30][%mdl 8192] [#] A mistake that costs the game.} (44... Rc4 $11) 45. e5+ $1 $18 Ke7 ({Avoid the trap} 45... Kf5 $2 46. e6 Kf4 47. e7 Kxe3 48. e8=Q+ $18 (48. e8=B $2 {is the wrong capture.} Kf4 $19)) 46. Kxg5 {[%emt 0:02:30][%cal Oe5e6] e6! is the strong threat.} Re6 47. Re4 Ra6 48. a4 Re6 (48... Rb6 {was called for.} 49. a5 Ra6) 49. h4 Kf7 {[%emt 0:00:00] [#]} 50. Kh6 $1 {[%emt 0:01:30] Black must now prevent Kh7.} Kg8 51. Re3 Kf7 (51... a6 {keeps fighting.} 52. a5 Kf7) 52. Kh7 Re7 $2 (52... Ke7 53. Kg7 Rb6) 53. Rf3+ Ke8+ 54. Kxg6 {[%emt 0:00:30] Intending h5 and mate.} Rxe5 55. h5 {[%emt 0:01:21][%cal Bh4h5,Bh5h6,Bh6h7][%mdl 32] White wants to mate with h6.} Re4 56. h6 {[%emt 0:03:22] White mates.} Rxa4 57. h7 Rh4 58. Rf5 Rh1 59. Rh5 Rg1+ 60. Kh6 {[%emt 0:00:00] Weighted Error Value: White=0.08 (flawless) /Black=0.63.  Loses game:     	---       	Black=1      Mistake:       	White=2     	Black=4      Inaccurate:     	White=3     	Black=3      OK:         	White=20    	Black=19     Best:        	White=3     	Black=1      Strong:       	White=2     	---} 1-0

[Event "Turkish Youth Teams U18 2024"]
[Site "Karaman"]
[Date "2024.04.22"]
[Round "4"]
[White "Yildiz, Serdar Murat"]
[Black "Acar, Kaan"]
[Result "1/2-1/2"]
[ECO "B48"]
[WhiteElo "2021"]
[BlackElo "1815"]
[Annotator "TA RC"]
[PlyCount "99"]
[EventDate "2024.04.21"]
[EventType "team-tourn"]
[EventCountry "TUR"]
[SourceTitle "playchess.com"]
[Source "ChessBase"]
[SourceQuality "1"]
[TimeControl "5400+30"]

1. e4 c5 2. Nf3 Nc6 3. d4 cxd4 4. Nxd4 Qc7 5. Nc3 e6 6. Be3 a6 7. Qf3 Bd6 {[%emt 0:01:30] Against Qg3} 8. O-O-O Be5 $1 9. Be2 {[%emt 0:04:30] The position is equal.} Nge7 10. g3 O-O 11. Qh5 b5 12. f4 {[%emt 0:00:30] Nxc6 is the strong threat.} Bxd4 13. Bxd4 b4 14. Na4 Nxd4 15. Rxd4 d5 $1 16. exd5 $1 Nxd5 {[%emt 0:02:30] White must now prevent ...Bd7.} 17. Bd3 $1 g6 18. Qe5 Qa5 (18... Qc6 $11 19. b3 Bd7) 19. b3 $14 Bd7 20. f5 $1 Ra7 $2 (20... gxf5 $2 21. Bxf5 exf5 22. Rxd5 $18) (20... Rae8 $16) 21. Bc4 (21. fxe6 $18 {has better winning chances.} fxe6 22. Bc4) 21... gxf5 22. Bxd5 Bxa4 23. g4 (23. bxa4 $16 {[%cal Oe5e3] aiming for Qe3!} Rd7 24. Rf1 Rxd5 25. Rxd5 Qxd5 26. Qxd5 exd5 27. Rxf5) 23... exd5 $11 24. gxf5 f6 25. Qe6+ (25. Qd6 $5 Raf7 26. bxa4 $14) 25... Kh8 26. bxa4 Qxa4 27. Qd6 {[%emt 0:01:12] Prevents Rc7.} Raa8 28. Kb1 Rac8 29. Rc1 {[%emt 0:00:02][%cal Od6e7] Active counter play!} Qa3 $2 (29... Qc6 $11 30. Qxc6 Rxc6) 30. Qe7 $1 $18 {[%emt 0:02:30][%cal Od4g4] White wants to mate with Rg4!} Rce8 31. Qd7 $2 (31. Qxh7+ $1 Kxh7 32. Rh4+ (32. Rxd5 $2 {perishes.} Rd8 $19) 32... Kg7 33. Rg1+ Qg3 34. Rxg3+ Kf7 35. Rh7#) 31... Rd8 $2 {[%emt 0:00:30][%mdl 8192] [#]} (31... Qh3 $11) 32. Qa7 $2 (32. Qxh7+ $1 {mates} Kxh7 33. Rh4+ Kg8 34. Rg1+ Qg3 35. Rxg3+ Kf7 36. Rh7+ Ke8 37. Re3#) 32... Qe3 33. Rcd1 $40 {[%emt 0:00:31][%mdl 128] White mounts an attack.} Qf2 34. Qxa6 Qxf5 35. Rf1 Qe5 36. Rh4 b3 37. cxb3 Qe3 {[%emt 0:02:30] Against Qa7. Threatens to win with ...Ra8.} 38. Rd1 Rc8 (38... Qf2 $11 {remains equal.} 39. Ra4 Qxh2) 39. Qd3 (39. Rxd5 $2 Qc1#) 39... Rc1+ 40. Kb2 $1 Qf2+ 41. Qd2 {[%emt 0:00:00] Dancing on a razor blade.} (41. Rd2 $142 Qxh4 42. Kxc1) 41... Qxh4 $16 42. Rxc1 {[%emt 0:00:00][%mdl 4096] Endgame. KQR-KQR} Qh5 {[%emt 0:00:30] [#]} ({Black should try} 42... f5 $14) 43. Re1 $1 Qf3 {[%emt 0:01:30] Prevents Qf4} (43... Qh4 $16 {might work better.}) 44. Re3 Qh1 (44... Qf4 $16 {was called for.} 45. a4 Rg8) 45. Rd3 $2 ({White should play} 45. a4 $18) 45... Rg8 $11 {[%emt 0:00:30] ...Rg2 would now be deadly.} 46. Qf4 (46. Rxd5 $2 {loses.} Rg2 47. Kc2 (47. Rd8+ $2 Kg7 $19) 47... Rxd2+ $19) 46... Rg2+ 47. Ka3 Qa1 48. Qb8+ Rg8 49. Qb7 Qc1+ 50. Ka4 {[%emt 0:00:51] Weighted Error Value: White=0.49/Black=0.44.  Loses game:     	---       	Black=2      Missed win:     	White=1     	---        Mistake:       	White=3     	Black=5      Inaccurate:     	White=5     	Black=1      OK:         	White=12    	Black=18     Best:        	White=3     	Black=3      Strong:       	White=6     	Black=2} 1/2-1/2

[Event "Turkish Youth Teams U18 2024"]
[Site "Karaman"]
[Date "2024.04.22"]
[Round "4"]
[White "Durucay, Uygar"]
[Black "Saskin, Ayaz"]
[Result "1-0"]
[ECO "A46"]
[WhiteElo "1995"]
[BlackElo "1696"]
[Annotator "TA"]
[PlyCount "73"]
[EventDate "2024.04.21"]
[EventType "team-tourn"]
[EventCountry "TUR"]
[SourceTitle "playchess.com"]
[Source "ChessBase"]
[SourceQuality "1"]
[TimeControl "5400+30"]

1. d4 Nf6 2. Nf3 e6 3. Bg5 h6 4. Bh4 c5 5. e3 cxd4 6. exd4 b6 7. Bd3 Bb7 8. O-O Be7 9. Nbd2 O-O 10. c3 Nc6 11. a4 Nd5 12. Bg3 f5 {[%emt 0:07:30] Strongly threatening ...f4.} 13. h3 Qe8 {[%emt 0:02:30] White is slightly better.} 14. Nc4 Qg6 15. Nce5 Nxe5 16. Nxe5 Qe8 17. Qe2 Nf6 (17... Nc7 $14) 18. a5 $16 Bd6 19. a6 Be4 20. Bxe4 Nxe4 21. Bh2 Kh7 22. Rad1 Rg8 23. g4 g6 24. Kh1 Qe7 25. f3 Nf6 26. Qd2 Raf8 27. c4 Ne8 28. Bf4 {[%emt 0:05:30] White has more active pieces.} g5 29. Bh2 Nc7 {[%emt 0:00:15] [#]} ({Black should try} 29... Bxe5 $14 30. Bxe5 (30. dxe5 Nc7 $16) 30... d6) 30. Qd3 (30. c5 $1 $16 Bxe5 31. Bxe5) 30... Nxa6 {[%emt 0:03:17] [#]} 31. c5 $1 Bxe5 32. Bxe5 Nb4 33. Qa3 $36 {[%emt 0:01:46][%mdl 2048] White has the initiative.} Nc6 ({Don't play} 33... bxc5 34. dxc5 Nd5 35. Bd6 $16 (35. Qxa7 Qf7 $16)) ({Better is} 33... a5 $14) 34. Bd6 Qd8 35. Bxf8 $18 Rxf8 36. cxb6 Qxb6 (36... axb6 37. d5 exd5 38. Rxd5 Qe8) 37. Qxf8 {[%emt 0:00:00] Weighted Error Value: White=0.12 (very precise) /Black=0.32.  Loses game:     	---       	Black=1      Mistake:       	White=1     	Black=4      Inaccurate:     	White=5     	Black=3      OK:         	White=9     	Black=5      Best:        	White=3     	Black=1} 1-0

[Event "Turkish Youth Teams U18 2024"]
[Site "Karaman"]
[Date "2024.04.22"]
[Round "4"]
[White "Dogan, Umut Anil"]
[Black "Durak, Can"]
[Result "0-1"]
[ECO "A05"]
[WhiteElo "1983"]
[BlackElo "2446"]
[Annotator "TA"]
[PlyCount "104"]
[EventDate "2024.04.21"]
[EventType "team-tourn"]
[EventCountry "TUR"]
[SourceTitle "playchess.com"]
[Source "ChessBase"]
[SourceQuality "1"]
[TimeControl "5400+30"]

1. Nf3 Nf6 2. b3 a5 3. a3 d5 4. Bb2 Bf5 5. c4 e6 6. Nh4 Bg4 7. h3 Bh5 8. g4 {[%emt 0:00:00] The position is equal.} Bg6 9. Nxg6 hxg6 10. Bg2 c6 11. Nc3 Bd6 12. e3 Nbd7 13. Qc2 $1 g5 14. d4 Qe7 15. Ne2 Nf8 16. Ng1 e5 (16... Ng6 $11) 17. Nf3 (17. cxd5 $14 cxd5 18. dxe5 Bxe5 19. Nf3 Bxb2 20. Qxb2) 17... e4 $15 18. Nxg5 Ng6 {[%emt 0:00:30] Black keeps a firm grip on the game.} 19. c5 Bc7 {[%emt 0:00:00] Strongly threatening ...Nh4.} 20. O-O-O (20. Rg1 $17) 20... Nh4 $19 21. f4 (21. Rdg1 $142) 21... exf3 22. Nxf3 Nxf3 (22... Qxe3+ $2 23. Kb1 Nxg2 (23... Nxf3 24. Rd3 $11) 24. Qxg2 Qxb3 25. Ng5 $17) 23. e4 Ng5 ({Not} 23... dxe4 24. Bxf3 Bf4+ (24... exf3 25. Rde1 $17) 25. Kb1 exf3 26. Rde1 $17) (23... Qxe4 24. Rd3 $19) 24. exd5 cxd5 25. h4 Nge4 26. g5 Ng4 27. Bxe4 dxe4 28. Rde1 {[%emt 0:04:30] Prevents Ne3} f5 29. gxf6 Nxf6 30. d5 Be5 (30... Nxd5 $2 {loses.} 31. Rxe4 O-O-O 32. Rxe7 Nxe7 33. Bxg7 $18) 31. d6 Bxb2+ 32. Qxb2 Qe6 33. Rhg1 Kf8 (33... Rxh4 $2 34. Rxg7 O-O-O 35. Re7 $19) 34. Rg5 Re8 ({Don't play} 34... Rxh4 35. Reg1 Rh5 36. Rxh5 Nxh5 37. Rg5) 35. b4 (35. Reg1 $142 e3 (35... Rxh4 $2 36. Rxg7 Qe5 37. Qxe5 $17) 36. Qd4) 35... Rxh4 {[%emt 0:03:30] [#] Hoping for ...e3.} 36. bxa5 Rh3 37. Qb4 {[%emt 0:02:30] Prevents Qc4+.} Rb3 38. Qd4 Rf3 39. Rg2 Qb3 {[%emt 0:03:30] [#] And now ...Rc3+ would win.} 40. Rb2 Qc3+ 41. Qxc3 Rxc3+ 42. Kd1 (42. Kb1 {was forced.}) 42... Rxc5 {[%emt 0:00:00] Black is clearly winning.} 43. Rxb7 Rd5+ 44. Ke2 Rxd6 45. Rg1 Rd7 46. a6 Ra8 47. Ra1 Rxa6 48. Rb8+ Kf7 49. a4 Ra5 {[%emt 0:00:30] ...Rh5 is the strong threat.} 50. Ra3 Nd5 51. Ra1 Rda7 52. Rf1+ Nf6 {[%emt 0:00:00] Weighted Error Value: White=0.45/Black=0.30.  Mistake:       	White=5     	Black=1      Inaccurate:     	White=4     	---        OK:         	White=14    	Black=19     Best:        	---       	Black=4      Strong:       	White=1     	---} 0-1

[Event "Turkish Youth Teams U18 2024"]
[Site "Karaman"]
[Date "2024.04.22"]
[Round "4"]
[White "Senel, Hayri Beyhun"]
[Black "Yilmaz, Oguz"]
[Result "1-0"]
[ECO "C20"]
[WhiteElo "1961"]
[BlackElo "1739"]
[Annotator "TA"]
[PlyCount "57"]
[EventDate "2024.04.21"]
[EventType "team-tourn"]
[EventCountry "TUR"]
[SourceTitle "playchess.com"]
[Source "ChessBase"]
[SourceQuality "1"]
[TimeControl "5400+30"]

1. e4 e5 2. Qh5 Nc6 3. Bc4 g6 4. Qf3 Nf6 5. Ne2 Bg7 6. Nbc3 d6 7. h3 {[%emt 0:00:00] Wards off Bg4} O-O 8. O-O {[%emt 0:09:00] Black has an edge.} Na5 9. d3 Nxc4 10. dxc4 Be6 11. Qd3 Nd7 12. Ng3 (12. b3 $11 {remains equal.}) 12... Nc5 13. Qe2 Qd7 14. Be3 Na4 15. Nxa4 Qxa4 16. b3 Qc6 17. Rad1 f5 18. exf5 gxf5 {[%emt 0:00:30] [#] Strongly threatening ...f4.} 19. f4 e4 (19... Bh8 $11) 20. Nh5 $16 Bc3 21. g4 Qe8 22. Kh2 {[%emt 0:01:42] White is more active.} Bf7 (22... h6 $16 {was worth a try.}) 23. Ng3 $18 Bg6 (23... fxg4 $142 24. Bd4 (24. Qxg4+ Kh8 $18) (24. hxg4 Be6 $18) 24... Bxd4) 24. Rd5 c6 $2 {[%emt 0:01:30] [#]} (24... fxg4 25. f5 (25. Qxg4 Kh8 $16) (25. hxg4 Qd7 $18) 25... Bf7) 25. Rxd6 Rd8 (25... Qe7 $142) 26. Rxd8 {[%emt 0:01:29] White is clearly winning.} Qxd8 27. gxf5 Bf7 28. Nxe4 Bb4 29. Rd1 {[%emt 0:00:38] Weighted Error Value: White=0.15 (very precise) /Black=0.52.  Mistake:       	White=1     	Black=5      Inaccurate:     	White=2     	Black=5      OK:         	White=12    	Black=3      Best:        	White=1     	---} 1-0

[Event "Turkish Youth Teams U18 2024"]
[Site "Karaman"]
[Date "2024.04.22"]
[Round "4"]
[White "Buyuk, Ecrin Efsa"]
[Black "Aslan, Ela"]
[Result "1-0"]
[ECO "B23"]
[WhiteElo "1949"]
[BlackElo "1659"]
[Annotator "TA"]
[PlyCount "121"]
[EventDate "2024.04.21"]
[EventType "team-tourn"]
[EventCountry "TUR"]
[SourceTitle "playchess.com"]
[Source "ChessBase"]
[SourceQuality "1"]
[TimeControl "5400+30"]

1. e4 c5 2. Nc3 e6 3. Nge2 Nc6 4. g3 g6 5. d4 cxd4 6. Nxd4 a6 7. Nxc6 bxc6 8. Qd4 Qf6 {[%emt 0:01:30] White is better.} 9. e5 {[%emt 0:02:30] White is more active.} Qf3 10. Rg1 {[%emt 0:28:30] [#] aiming for Bg2.} c5 11. Qc4 Qf5 (11... Rb8 $16) 12. f4 {[%emt 0:23:30] Threatens to win with g4.} Qh5 13. Be3 Bb7 14. Be2 (14. Bxc5 $6 Bf3 $18 (14... Rc8 $2 15. Qb4 $18)) 14... Bf3 15. g4 (15. Bxc5 Rc8 (15... Bxe2 16. Nxe2 Rc8 17. b4 $14) 16. b4 (16. Qxa6 Rxc5 17. O-O-O Be7 $11) (16. Bxf3 Qxf3 17. b4 Bxc5 $11) 16... Bxc5 17. bxc5 Qxh2 $11) 15... Qh4+ 16. Bf2 Bxe2 17. Qxe2 (17. Kxe2 Qd8 $16 (17... Qxh2 $2 {too greedy.} 18. Qe4 $18)) 17... Qd8 18. O-O-O Qb6 19. Qd2 Ra7 20. Ne4 Rb7 21. b3 Rc7 $2 (21... Qc6) 22. g5 Be7 23. Rg3 Qc6 (23... h6 $142 24. Rh3 Qb7) 24. Nd6+ $18 Kf8 25. Rc3 Qb6 26. Qe3 Qb4 27. Rc4 Qa5 28. Rxc5 Rxc5 29. Qxc5 Qxc5 30. Bxc5 h6 31. h4 hxg5 32. hxg5 Rh4 33. Rd4 Kg7 34. Ne8+ Kf8 35. Bxe7+ ({Weaker is} 35. Nd6 Rh3 36. Kb2 Rh2 $18) 35... Nxe7 {[%emt 0:00:30][%mdl 4096] Endgame. KRN-KRN} 36. Nf6 Nd5 37. Nxd7+ Ke8 {[%emt 0:00:30] [#]} 38. Re4 $4 Kd8 $4 (38... Kxd7 $19 39. Ra4 Rxf4 (39... Nxf4 40. Rxa6 Rh7 41. b4 $17) 40. Rxa6 Rf5 41. Ra7+ Nc7) 39. Nf6 {[%emt 0:00:30] Black is now going downhill.} Nxf6 $2 (39... Nxf4 40. a4 Ng2) 40. exf6 {[%emt 0:00:30] KR-KR} e5 (40... Kc7 $142 41. Kb2 Rh8) 41. Rxe5 Rxf4 42. Re7 Rf5 43. Rxf7 Rxg5 44. Rg7 {[%emt 0:00:30] Intending Rg8+ and mate.} Ke8 45. Kb2 Rg1 46. b4 g5 47. a4 {[%emt 0:00:30][%cal Ba2a4,Ba4a5][%mdl 32] b5 would now be deadly.} Rf1 48. Rxg5 Rxf6 49. Rd5 Ke7 50. a5 {[%emt 0:00:30] Strongly threatening c4.} Rc6 51. Kb3 Ke6 52. c4 Rc8 53. Rd3 {[%emt 0:00:00] White threatens b5 and mate.} Rg8 54. b5 {[%emt 0:00:20] White mates.} axb5 55. cxb5 Rg1 56. a6 Ra1 57. Kb4 Ra2 58. Ra3 Rb2+ 59. Ka5 Rd2 60. a7 Rd8 61. Kb6 {[%emt 0:00:08] Weighted Error Value: White=0.38/Black=0.65.  Missed win:     	White=1     	Black=1      Mistake:       	---       	Black=5      Inaccurate:     	White=1     	Black=2      OK:         	White=16    	Black=9      Best:        	White=1     	Black=3} 1-0